Arrhythmia, chaotic female vampiric Convict --- -- ----.-- -----.--- --...(.--- |..|....| --- |........-- |.......| |..--.........--- -......| |.........*.....| ---....| |.........(....-| --..-)--- ---.........|..>| |..&_.| ---......----.--- |..@----- - --...%..| |...--- |.........| |.....-- ---...---.|.--- | -..%.-- |........|-- |.--<-- |...)-.--- ...... --..)..| ...---- |...--- ....- |..)-- -.. ---..| -- --..-- |)...| --..-- ---- Arrhythmia the Jail-bird Experience level: 6 Strength: 15 Dexterity: 14 Constitution: 20 Intelligence: 9 Wisdom: 9 Charisma: 7 Health: 0(61) Energy: 45(45) AC: 9 Gold: 183 Moves: 1314 Your Inventory: Coins $ - 183 gold pieces Armor b - a cursed +0 striped shirt (being worn) f - an [uncursed] +0 iron skull cap [orcish helm] (being worn) k - an [uncursed] +0 hooded cloak [dwarvish] (being worn) l - an [uncursed] +0 pair of hard shoes [iron] s - an [uncursed] +0 hooded cloak [dwarvish] t - an [uncursed] +0 hooded cloak [dwarvish] u - a cursed -2 pair of hard shoes [iron] (being worn) v - an [uncursed +0] pair of hard shoes [iron] Scrolls d - a cursed scroll labeled MAPIRO MAHAMA DIROMAT [of teleportation] e - an [uncursed] scroll labeled VELOX NEB [of scare monster] i - 2 [uncursed] scrolls labeled PRATYAVAYAH [of create monster] Potions j - an [uncursed] sky blue potion [of extra healing] o - a cursed puce potion [of enlightenment] q - an [uncursed] brown potion [of full healing] Wands r - an [uncursed] wand of striking [0:5] Tools n - an [uncursed] pair of lenses p - an [uncursed] lock pick Iron balls c - an [uncursed] heavy iron ball (chained to you) (weapon in hand) Spells known in the end: Name Level Category Fail Memory a - confuse monster 2 enchantment 100% [||||||||] Your skills at the end: Fighting Skills Weapon Skills sling [Basic / Skilled] Spellcasting Skills Final Attributes: You were devoutly aligned. Hunger level was 221. Your alignment was 16 / 16. Monster difficulty range was 0 - 5. Level difficulty was 4. You were immune to level-drain. You were immune to sickness. You were punished. You could fly. You could survive without air. You regenerated. You were extremely unlucky (-10). Tymora was very angry with you (4). You are dead. Vanquished creatures: 4 gnome lords a kobold mummy 4 dwarves 2 orc zombies an iguana 2 coyotes a gas spore a hobbit a yellow mold 18 gnomes a gecko 2 goblins a grid bug 5 lichens a kobold zombie 5 newts 50 creatures vanquished. Voluntary challenges: You went without food. You never hit with a wielded weapon. You read items or engraved 1 time. You put on armor 9 times. You never genocided any monsters. You never polymorphed an object. You never changed form. You used no wishes. You abstained from Elbereth's help. You never encountered a bones level. You never used any Sokoban shortcuts. Dungeon overview: The Dungeons of Doom: levels 1 to 2 Level 1 a long staircase Level 2 a delicatessen, a fountain stairs to The Gnomish Mines The Gnomish Mines: levels 3 to 4 Level 3 stairs to The Dungeons of Doom Level 4 <- You were here History has recorded: On T:1 you entered the Dungeons of Doom to retrieve the Amulet of Yendor! On T:237 you reached level 2 of The Dungeons of Doom. On T:253 you advanced to experience level 2. On T:325 you advanced to experience level 3. On T:695 you advanced to experience level 4. On T:806 you reached level 1 of The Gnomish Mines. On T:828 you advanced to experience level 5. On T:987 you advanced to experience level 6. On T:1185 you reached level 2 of The Gnomish Mines. Latest messages: "Then die, mortal!" [HP+1=31] [3 turns] The succubus of Tymora cajoles you. [HP+1=32] You begin praying to Tymora. The succubus of Tymora hits! (2x) [HP-8=24] The succubus of Tymora hits! (2x) [HP-13=11] The succubus of Tymora hits! (2x) You finish your prayer. The voice of Tymora rings out: "Thou hast angered me." A black glow surrounds you. Your puce potion glows with a black aura. Your scroll labeled MAPIRO MAHAMA DIROMAT glows with a black aura. [HP-8=3] [3 turns] You begin praying to Tymora. You die... Final status: Goodbye Arrhythmia the Convict... You died in The Gnomish Mines on dungeon level 4 with 1511 points, and 183 pieces of gold, after 1314 moves. You were level 6 with a maximum of 61 hit points when you died.